 Dungeon Crawl Stone Soup version 0.22-a0-587-g7d32d7c (webtiles) character file.

442 inc the Nimble (level 6, 27/27 HPs)
             Began as a Felid Conjurer on July 4, 2018.
             Was an Initiate of Gozag.
             Quit the game on level 6 of the Dungeon.
             The game lasted 00:16:14 (7637 turns).

inc the Nimble (Felid Conjurer)                     Turns: 7637, Time: 00:16:15

Health: 27/27      AC:  2    Str:  4    XL:     6   Next: 71%
Magic:  14/14      EV: 25    Int: 19    God:    Gozag
Gold:   573        SH:  0    Dex: 16    Spells: 9/15 levels left
                                        Lives:  0   Deaths: 2

rFire    . . .     SeeInvis +   (weapon unavailable)
rCold    . . .     Gourm    .   (shield unavailable)
rNeg     . . .     Faith    .   (armour unavailable)
rPois    .         Spirit   .   (helmet unavailable)
rElec    .         Reflect  .   (cloak unavailable)
rCorr    .         Harm     .   (gloves unavailable)
MR       .....                  (boots unavailable)
Stlth    +++.......             h - amulet of the acrobat
HPRegen  0.09/turn              (no ring)
MPRegen  0.14/turn              (no ring)

@: quick
A: very small, no armour, no weapons or thrown items, stealth, claws 1, fangs 3,
see invisible, carnivore, speed 1, shaggy fur 2, slow metabolism 1, sharp paws
a: Potion Petition, Call Merchant, Bribe Branch, Renounce Religion


You were on level 6 of the Dungeon.
You worshipped Gozag.
Gozag was pleased with you.
You were not hungry.

You visited 2 branches of the dungeon, and saw 8 of its levels.
You also visited: Sewer.

You collected 652 gold pieces.
You paid 79 gold pieces to Gozag.

Inventory:

Jewellery
 h - an amulet of the acrobat (around neck)
 n - an uncursed amulet of regeneration
Wands
 r - a wand of polymorph (31)
 v - a wand of acid (6)
Scrolls
 a - 3 scrolls of magic mapping {unknown}
 d - 6 scrolls of remove curse
 f - 2 scrolls of enchant weapon {unknown}
 g - 2 scrolls of teleportation {unknown}
 m - a scroll of random uselessness {unknown}
 p - a scroll of fear
 q - a scroll of noise {unknown}
Potions
 c - a potion of cancellation
 e - 2 potions of mutation
 i - 5 potions of flight
 j - a potion of invisibility {unknown}
 k - 3 potions of degeneration
 l - a potion of agility {unknown}
 s - a potion of heal wounds
 t - a potion of curing {unknown}
 u - a potion of might {unknown}
Comestibles
 b - 5 rations


   Skills:
 + Level 2.3 Fighting
 - Level 9.4 Dodging
 - Level 2.6 Stealth
 - Level 5.0 Spellcasting
 - Level 5.2 Conjurations


You had 9 spell levels left.
You knew the following spells:

 Your Spells              Type           Power        Failure   Level  Hunger
a - Magic Dart            Conj           ###.         1%          1    None
b - Searing Ray           Conj           ###...       2%          2    #......
c - Dazzling Spray        Conj/Hex       ##....       13%         3    ##.....

Your spell library contained the following spells:

 Spells                   Type           Power        Failure   Level  Hunger
 Iskenderun's Mystic Bla  Conj           ###.....     14%         4    ####...
 Stone Arrow              Conj/Erth      ##....       13%         3    ##.....
 Passwall                 Tmut/Erth      #.......     19%         2    #......
 Lee's Rapid Deconstruct  Erth           #.........   98%         5    ######.
 Sandblast                Erth           #.....       12%         1    None
 Petrify                  Tmut/Erth      #.......     77%         4    ####...
 Fulminant Prism          Conj/Hex       ##........   38%         4    ####...
 Force Lance              Conj/Tloc      ##......     38%         4    ####...


Dungeon Overview and Level Annotations

Branches:
Dungeon (7/15)             Temple (1/1) D:4

Altars:
Cheibriados
Dithmenos
Elyvilon
Fedhas
Gozag
Hepliaklqana
Makhleb
Nemelex Xobeh
Okawaru
Qazlal
Sif Muna
Trog
Uskayaw
Vehumet
Zin
The Shining One

Annotations:
D:6 Grinder, Prince Ribbit
D:7 Dowan


Innate Abilities, Weirdness & Mutations

You cannot wear armour.
You are incapable of wielding weapons or throwing items.
Your paws allow you to move quietly. (Stealth)
You have sharp claws.
You have razor-sharp teeth.
You have supernaturally acute eyesight. (SInv)
You are carnivorous and can eat meat at any time.
You cover ground quickly.
You are covered in thick fur. (AC +2)
You have a slow metabolism.
Your sharp claws are effective at attacking unaware monsters.


Message History

Prince Ribbit is moderately wounded.
Prince Ribbit closely misses you. Prince Ribbit misses you.
You closely miss Prince Ribbit.
Prince Ribbit is moderately wounded.
Prince Ribbit hits you!
Unknown command.
You closely miss Prince Ribbit.
Prince Ribbit is moderately wounded.
The sky beast completely misses you. Prince Ribbit barely misses you.
Unknown command.
You miss Prince Ribbit.
You bite Prince Ribbit, but do no damage.
Prince Ribbit is moderately wounded.
Prince Ribbit hits you!
* * * LOW HITPOINT WARNING * * *
The sky beast completely misses you. Prince Ribbit hits you.
You die...
You are now level 6!
You rejoin the land of the living...
Are you sure you want to abandon this character and quit the game? (Confirm with "yes".)

#.....≈#
#.....≈#
#.....≈###
#.....≈≈≈
#.......+
#.......
#......#
#......##
#....@..#
#.......#
#.......#
#.......#
#.......#
#########


There were no monsters in sight!

Vanquished Creatures
  A sky beast (D:4)
  3 ogres
  A centaur (D:5)
  A big kobold (D:4)
  3 killer bees (D:7)
  3 crimson imps (D:5)
  A centaur zombie (D:6)
  2 hounds (D:4)
  An iguana (D:5)
  2 orc wizards
  3 worker ants
  7 adders
  A shadow imp (D:5)
  6 oozes
  6 worms
  An adder skeleton (D:5)
  An adder zombie (D:5)
  3 dart slugs (D:1)
  5 leopard geckos
  17 orcs
  7 giant cockroaches
  7 goblins
  6 hobgoblins
  10 jackals
  2 quokkas (D:5)
  5 ball pythons
  A ball python skeleton (D:5)
  19 bats
  9 frilled lizards
  8 kobolds
  A quokka zombie (D:5)
  9 rats
152 creatures vanquished.

Vanquished Creatures (others)
  A river rat (D:3)
1 creature vanquished.

Grand Total: 153 creatures vanquished

Notes
Turn   | Place    | Note
-------+----------+-------------------------------------------
     0 | D:1      | inc the Felid Conjurer began the quest for the Orb.
     0 | D:1      | Reached XP level 1. HP: 7/7 MP: 4/4
   247 | D:1      | Reached XP level 2. HP: 8/11 MP: 0/6
   862 | D:1      | Reached XP level 3. HP: 14/14 MP: 3/7
  1650 | D:2      | Reached XP level 4. HP: 18/18 MP: 2/8
  1785 | D:3      | Found a stormy altar of Qazlal.
  2075 | D:3      | Learned a level 2 spell: Searing Ray
  2093 | D:3      | Reached skill level 5 in Conjurations
  2128 | D:3      | Found a glowing drain.
  2141 | Sewer    | Entered a sewer
  3089 | Sewer    | Reached XP level 5. HP: 21/21 MP: 6/10
  3691 | D:3      | Found a shadowy altar of Dithmenos.
  4075 | D:4      | Noticed an ogre
  4184 | D:4      | Killed an ogre
  4184 | D:4      | Gained mutation: You are covered in thick fur. (AC +2) [Felid growth]
  4184 | D:4      | Reached XP level 6. HP: 24/24 MP: 5/14
  4450 | D:4      | Reached skill level 5 in Spellcasting
  4519 | D:4      | Reached skill level 3 in Dodging
  4615 | D:4      | Found a staircase to the Ecumenical Temple.
  4639 | Temple   | Entered the Ecumenical Temple
  4774 | Temple   | Became a worshipper of Gozag Ym Sagoz the Greedy
  4837 | D:4      | Reached skill level 4 in Dodging
  4945 | D:4      | Found a deep blue altar of Sif Muna.
  4945 | D:4      | Found a sparkling altar of Nemelex Xobeh.
  4946 | D:4      | Found a snail-covered altar of Cheibriados.
  4955 | D:4      | Noticed a sky beast
  4962 | D:4      | Killed a sky beast
  4962 | D:4      | Reached skill level 5 in Dodging
  4962 | D:4      | Reached XP level 7. HP: 27/27 MP: 6/15
  5233 | D:4      | Reached skill level 6 in Dodging
  5648 | D:5      | Entered Level 5 of the Dungeon
  5755 | D:5      | Reached skill level 7 in Dodging
  5844 | D:5      | Shot with an arrow by a centaur
  5845 | D:5      | Reached XP level 6. HP: -9/24 MP: 10/14
  6020 | D:5      | Reached skill level 8 in Dodging
  6020 | D:5      | Reached XP level 7. HP: 8/27 MP: 3/15
  6382 | D:5      | Reached skill level 9 in Dodging
  6984 | D:6      | Found a blossoming altar of Fedhas.
  6984 | D:6      | Noticed Prince Ribbit
  7113 | D:6      | Learned a level 3 spell: Dazzling Spray
  7136 | D:6      | Noticed Grinder
  7363 | D:7      | Reached skill level 1 in Fighting
  7403 | D:7      | Noticed Dowan
  7635 | D:6      | Slain by Prince Ribbit
  7636 | D:6      | Reached XP level 6. HP: -3/27 MP: 2/14
  7637 | D:6      | Quit the game

Vault maps used:
D:1:      minmay_arrival_nine_rooms
D:3:      lemuel_coloured_pillars_altar, portal_sewer_entry_b,
          grunt_qazlal_clouds
D:4:      gammafunk_temple_overflow_forgotten, minmay_temple_entry_nine_rooms
D:5:      first_ration
D:6:      nicolae_ru_path_of_blood, overflow_temple_1_default,
          kennysheep_mini_moat, kennysheep_mini, uniq_grinder, uniq_sigmund,
          uniq_prince_ribbit1
D:7:      the_bakery, lightli_orcish_oven, uniq_duvessa
Temple:   compressed_dpeg_circular_temple
Sewer:    sewer_fruit_machine

Skill      XL: |  1  2  3  4  5  6  7 |
---------------+----------------------+-----
Conjurations   | 4 5 |  5.2
Spellcasting   | 3 4 5 |  5.0
Dodging        | 8 9 |  9.4
Fighting       | 2 |  2.3
Stealth        | |  2.6

Action                   |  1- 3 |  4- 6 |  7- 9 || total
-------------------------+-------+-------+-------++-------
Melee: Unarmed           |    19 |    33 |    50 ||   102
       Bite              |     2 |     1 |     3 ||     6
 Cast: Magic Dart        |    81 |    96 |    42 ||   219
       Searing Ray       |       |    33 |    18 ||    51
       Dazzling Spray    |       |       |    10 ||    10
  Use: Scroll            |       |     5 |     3 ||     8
       Potion            |       |     2 |     2 ||     4
 Stab: Invisible         |       |       |     3 ||     3
  Eat: Chunk             |     6 |     9 |       ||    15
       Ration            |       |       |     2 ||     2
Armor: Skin              |     1 |    10 |    53 ||    64
Dodge: Dodged            |    22 |   110 |   108 ||   240

Table legend:
 A = Spawn XP
 B = Non-spawn XP
 C = Spawn XP percentage of total XP
 D = Spawn monster count
 E = Non-spawn monster count
 F = Spawn count percentage of total count
 G = Total turns spent on level
                    A         B        C        D         E        F      G
               +---------+---------+-------+---------+---------+-------+---------
         Total |       0 |    1755 |   0.0 |       0 |     152 |   0.0 |  7637
               +---------+---------+-------+---------+---------+-------+---------
           D:1 |       0 |      44 |   0.0 |       0 |      22 |   0.0 |  1153
           D:2 |       0 |      65 |   0.0 |       0 |      23 |   0.0 |   660
           D:3 |       0 |      54 |   0.0 |       0 |      24 |   0.0 |   896
           D:4 |       0 |     732 |   0.0 |       0 |      25 |   0.0 |  1606
           D:5 |       0 |     549 |   0.0 |       0 |      26 |   0.0 |  1547
           D:6 |       0 |      48 |   0.0 |       0 |       2 |   0.0 |   191
           D:7 |       0 |     181 |   0.0 |       0 |       3 |   0.0 |   251
         Sewer |       0 |      82 |   0.0 |       0 |      27 |   0.0 |  1188
               +---------+---------+-------+---------+---------+-------+---------
